 Dungeon Crawl Stone Soup version 0.26.0-18-gc5c842f807 (webtiles) character file.

Game seed: 4443190446585390279

759 Majorwet the Gusty (level 7, -2/59 HPs)
             Began as a White Draconian Air Elementalist on Jan 22, 2021.
             Slain by Grinder (6 damage)
             ... on level 5 of the Dungeon.
             The game lasted 00:33:06 (7028 turns).

Majorwet the Gusty (DrAE)                           Turns: 7028, Time: 00:33:07

Health: -2/59      AC:  8    Str: 11    XL:     7   Next: 50%
Magic:  13/13      EV: 12    Int: 16    God:
Gold:   172        SH:  0    Dex: 12    Spells: 13/14 levels left

rFire    + . .     SeeInvis .   f - +0 short sword (drain)
rCold    . . .     Faith    .   (no shield)
rNeg     . . .     Spirit   .   (armour unavailable)
rPois    .         Reflect  .   (helmet restricted)
rElec    .         Harm     .   (no cloak)
rCorr    .         Rampage  .   j - +0 pair of gloves
Will     .....                  m - +0 pair of boots
Stlth    ++........             (no amulet)
HPRegen  0.19/turn              l - ring of fire
MPRegen  0.13/turn              (no ring)

@: short of breath
A: breathe frost, unfitting armour, cold resistance 1, cold-blooded, AC +6
a: Breathe Frost


You were on level 5 of the Dungeon.
You visited 1 branch of the dungeon, and saw 5 of its levels.

You collected 172 gold pieces.

Inventory:

Hand Weapons
 f - a +0 short sword of draining (weapon)
 q - a +2 dagger of holy wrath
Armour
 j - a +0 pair of gloves (worn)
 m - a +0 pair of boots (worn)
Jewellery
 l - a ring of fire (left hand)
 o - an uncursed ring of teleportation
Scrolls
 d - a scroll of identify
 e - 2 scrolls of fog
 k - a scroll of magic mapping {unknown}
 s - a scroll of amnesia {unknown}
Potions
 a - a potion of mutation {unknown}
 b - a potion of curing {unknown}
 c - 3 potions of degeneration
 g - a potion of cancellation {unknown}
 i - a potion of brilliance {unknown}
 p - a potion of attraction {unknown}
 r - a potion of lignification {unknown}


   Skills:
 - Level 4.1 Fighting
 + Level 1.4 Short Blades
 + Level 2.5 Dodging
 + Level 2.4 Stealth
 + Level 4.3 Spellcasting
 + Level 3.3 Conjurations
 + Level 4.7 Air Magic


You had 13 spell levels left.
You knew the following spells:

 Your Spells              Type           Power        Failure   Level
a - Shock                 Conj/Air       64%          3%          1

Your spell library contained the following spells:

 Spells                   Type           Power        Failure   Level
 Swiftness                Air            18%          3%          2
 Static Discharge         Conj/Air       16%          10%         3
 Airstrike                Air            9%           24%         4
 Lightning Bolt           Conj/Air       8%           65%         5


Dungeon Overview and Level Annotations

Branches:
Dungeon (5/15)             Temple (0/1) D:4

Altars:
Ashenzari
Makhleb
Qazlal
Uskayaw
Vehumet
Yredelemnul

Annotations:
D:5 Grinder


Innate Abilities, Weirdness & Mutations

You can breathe waves of freezing cold.
You can buffet flying creatures when you breathe cold.
Your icy white scales are hard. (AC +6)
You cannot fit into any form of body armour.
Your flesh is cold resistant. (rC+)
You are cold-blooded and may be slowed by cold attacks.


Message History

Grinder hits you.
You writhe in agony.
Grinder gestures at you. Pain shoots through your body!
* * * LOW HITPOINT WARNING * * *
Grinder hits you.
* * * LOW HITPOINT WARNING * * *
You writhe in agony.
* * * LOW HITPOINT WARNING * * *
You can move again.
As you read the scroll of fog, it crumbles to dust.
The scroll dissolves into smoke.
Grinder hits you.
* * * LOW HITPOINT WARNING * * *
You writhe in agony.
* * * LOW HITPOINT WARNING * * *
Unknown command.
Unknown command.
Okay, then.
Found 16 gold pieces.
It was a potion of magic.
Magic courses through your body. Grinder hits you.
You die...

..#...#......#..#
#.............>.#
##....#..#...#..#
##..##.........###
#... #............
#..## #.§§§§....##
..# #.##§§§......
.. .?.##5§§.....#
#.####@§§§.###.# #
#.###.# # #.# .#
#.# .. #.# ### #.#
... .#$


You could see Grinder.

Vanquished Creatures
  Duvessa (D:4)
  A phantom (D:4)
  2 ogres
  Dowan (D:4)
  A howler monkey (D:4)
  2 orc priests
  A hound (D:4)
  A worker ant (D:4)
  A hound zombie (D:5)
  7 adders
  An ooze (D:3)
  4 worms
  3 leopard geckos
  18 orcs
  4 giant cockroaches
  10 goblins
  11 hobgoblins
  4 kobolds
  A quokka (D:2)
  3 ball pythons (D:1)
  7 bats
  9 frilled lizards
  A jackal skeleton (D:4)
  11 rats
105 creatures vanquished.

Notes
Turn   | Place    | Note
-------+----------+-------------------------------------------
     0 | D:1      | Majorwet the Draconian Air Elementalist began the quest for
                  | the Orb.
     0 | D:1      | Reached XP level 1. HP: 14/14 MP: 3/3
   223 | D:1      | Reached XP level 2. HP: 20/20 MP: 0/5
  1342 | D:2      | Reached XP level 3. HP: 27/27 MP: 2/6
  1668 | D:2      | Found a broken altar of Ashenzari.
  1852 | D:2      | Noticed an ogre
  1864 | D:2      | Killed an ogre
  1865 | D:2      | Reached skill level 1 in Fighting
  1865 | D:2      | Reached XP level 4. HP: 36/36 MP: 0/8
  2206 | D:2      | Reached skill level 1 in Short Blades
  2302 | D:2      | Reached XP level 5. HP: 41/41 MP: 6/9
  4127 | D:3      | Found a radiant altar of Vehumet.
  4314 | D:5      | Entered Level 5 of the Dungeon
  4352 | D:4      | Noticed Duvessa
  4352 | D:4      | Noticed Dowan
  4650 | D:4      | Reached XP level 6. HP: 51/51 MP: 7/11
  5098 | D:4      | Found a staircase to the Ecumenical Temple.
  5141 | D:4      | Your scales start taking on an icy white colour.
  5141 | D:4      | Reached XP level 7. HP: 38/58 MP: 0/12
  5141 | D:4      | Gained mutation: Your flesh is cold resistant. (rC+) [White
                  | Draconian growth]
  5672 | D:4      | Found a hide-covered altar of Uskayaw.
  5772 | D:4      | Killed Dowan
  6645 | D:4      | Killed Duvessa
  6761 | D:5      | Found a basalt altar of Yredelemnul.
  6762 | D:5      | Found a burning altar of Makhleb.
  6763 | D:5      | Found a stormy altar of Qazlal.
  6764 | D:5      | Noticed Grinder
  7021 | D:5      | Paralysed by Grinder for 4 turns
  7028 | D:5      | Slain by Grinder

Illustrated notes

Levels and vault maps discovered:
D:1:      minmay_arrival_cross, layout_loops_corners
D:2:      layout_basic, ashenzari_conservatory_becter, item_on_display_a
D:3:      layout_rooms, nicolae_overflow_hidden_temple
D:4:      layout_cave_pods, general_overflow_altar,
          minmay_temple_entry_statues_pillars, uniq_duvessa
D:5:      layout_loops_ring, chequers_temple_overflow_statue_of_worship,
          enter_ossuary_5, uniq_ijyb, uniq_grinder, uniq_crazy_yiuf_cottage

Skill      XL: |  1  2  3  4  5  6  7 |
---------------+----------------------+-----
Stealth        | 2 |  2.4
Fighting       | 1 3 4 |  4.1
Dodging        | 2 |  2.5
Spellcasting   | 3 4 |  4.3
Short Blades   | 1 |  1.4
Conjurations   | 2 3 |  3.3
Air Magic      | 4 |  4.7

Action                   |  1- 3 |  4- 6 |  7- 9 || total
-------------------------+-------+-------+-------++-------
Melee: Unarmed           |    14 |       |       ||    14
       Tailslap          |     3 |     5 |       ||     8
       Short sword       |    28 |    43 |     5 ||    76
 Cast: Shock             |    56 |   170 |    47 ||   273
 Abil: Breathe Frost     |       |       |     6 ||     6
  Use: Scroll            |       |     3 |     4 ||     7
       Potion            |       |       |     1 ||     1
 Stab: Sleeping          |     1 |       |       ||     1
Armor: Skin              |    15 |    18 |    11 ||    44
Dodge: Dodged            |    41 |    66 |    30 ||   137
